[Event "Titled Tuesday Blitz May 10 Late 2022"]
[White "Alekseenko, Kirill"]
[Black "YoreDea"]
[WhiteFideId "4135539"]
[WhiteElo "2682"]
[BlackElo "2495"]
[Result "1-0"]
[Round "01"]
[TimeControl "180+1"]
[Date "2022.05.10"]
[WhiteClock "0:02:27"]
[BlackClock "0:02:01"]

1. e4 e6 2. d4 d5 3. e5 c5 4. c3 Nc6 5. Nf3 Qb6 6. a3 Bd7 7. b4 cxd4 8. cxd4 Nge7 9. Nc3 Nf5 10. Na4 Qc7 11. Be2 Be7 12. Bb2 O-O 13. Rc1 a6 14. O-O Rfc8 15. Bd3 Nh4 16. Nxh4 Bxh4 17. Qh5 1-0


[Site "https://www.chess.com"]

[Event "Titled Tuesday Blitz May 10 Late 2022"]
[White "Alexiadis, Hristos"]
[Black "Nilsson, Joakim"]
[WhiteFideId "4249623"]
[BlackFideId "1723383"]
[WhiteElo "2416"]
[BlackElo "2210"]
[Result "1-0"]
[Round "01"]
[TimeControl "180+1"]
[Date "2022.05.11"]
[WhiteClock "0:02:17"]
[BlackClock "0:02:39"]

1. e4 c5 2. Nf3 a6 3. c3 Nf6 4. d3 Nc6 5. g3 d6 6. Bg2 g6 7. O-O Bg7 8. Re1 O-O 9. Nbd2 e5 10. a3 Ne8 11. b4 b6 12. Nc4 b5 13. Ne3 Be6 14. Nd5 Rb8 15. Be3 cxb4 16. axb4 Ra8 17. Ra3 f5 18. Ng5 Bd7 19. exf5 gxf5 20. Nb6 Ra7 21. Nxd7 1-0


[Site "https://www.chess.com"]

[Event "Titled Tuesday Blitz May 10 Late 2022"]
[White "Alfaro, William"]
[Black "Fishbein, Alexander"]
[WhiteFideId "6100457"]
[BlackFideId "2000377"]
[WhiteElo "2096"]
[BlackElo "2442"]
[Result "0-1"]
[Round "01"]
[TimeControl "180+1"]
[Date "2022.05.11"]
[WhiteClock "0:01:02"]
[BlackClock "0:01:58"]

1. e4 e5 2. Nf3 Nc6 3. Bb5 a6 4. Ba4 Nf6 5. O-O Nxe4 6. Re1 Nc5 7. Nxe5 Be7 8. Bxc6 dxc6 9. d4 Ne6 10. c3 O-O 11. Nd2 c5 12. Ndf3 cxd4 13. cxd4 Qd5 14. Be3 Bd6 15. Qc2 b6 16. Qc4 Bb7 17. Qxd5 Bxd5 18. a3 Rfe8 19. Rac1 f6 20. Nc6 a5 21. Nd2 a4 22. h3 Bxc6 23. Rxc6 Nxd4 24. Rc3 Nf5 25. Nc4 Bc5 26. Rd1 Nxe3 27. Nxe3 Rad8 28. Nd5 c6 0-1


[Site "https://www.chess.com"]

[Event "Titled Tuesday Blitz May 10 Late 2022"]
[White "Andreikin, Dmitry"]
[Black "Karttunen, Mika"]
[WhiteFideId "4158814"]
[BlackFideId "502081"]
[WhiteElo "2736"]
[BlackElo "2343"]
[Result "1-0"]
[Round "01"]
[TimeControl "180+1"]
[Date "2022.05.10"]
[WhiteClock "0:01:46"]
[BlackClock "0:01:02"]

1. d4 Nf6 2. c4 g6 3. Nc3 d5 4. cxd5 Nxd5 5. e4 Nxc3 6. bxc3 Bg7 7. Be3 O-O 8. Qd2 c5 9. Nf3 b6 10. Rc1 Bb7 11. Bd3 Qc7 12. Bf4 Qc8 13. O-O Nc6 14. d5 Na5 15. c4 Ba6 16. Bh6 Rd8 17. Bxg7 Kxg7 18. Qc3+ Kg8 19. h3 Qd7 20. Ne5 Qa4 21. Ng4 f6 22. e5 f5 23. Bxf5 gxf5 24. Nh6+ Kg7 25. Nxf5+ Kg6 26. Nh4+ Kh6 27. Nf5+ Kg6 28. Qg3+ Kxf5 29. Qg4+ Kxe5 30. Qe6+ Kf4 31. g3+ Kg5 32. h4+ Kh5 33. Qf5+ Kh6 34. Qg5# 1-0


[Site "https://www.chess.com"]

[Event "Titled Tuesday Blitz May 10 Late 2022"]
[White "Atanasov, Anthony"]
[Black "Lashkin, Jegor"]
[WhiteFideId "2623897"]
[BlackFideId "13907808"]
[WhiteElo "1928"]
[BlackElo "2368"]
[Result "1-0"]
[Round "01"]
[TimeControl "180+1"]
[Date "2022.05.11"]
[WhiteClock "0:00:14"]
[BlackClock "0:00:05"]

1. d4 d5 2. Bf4 Nf6 3. e3 e6 4. Nf3 Be7 5. Nbd2 O-O 6. Bd3 b6 7. Qe2 Bb7 8. Ne5 c5 9. c3 Nbd7 10. h4 Ne4 11. Nxe4 dxe4 12. Bb5 Nxe5 13. dxe5 a6 14. Rd1 Qc8 15. Ba4 b5 16. Bc2 Bd5 17. Qg4 Kh8 18. h5 f5 19. exf6 Bxf6 20. h6 g6 21. Bg5 Qd8 22. Bxf6+ Qxf6 23. O-O Qe5 24. b3 Rf7 25. c4 bxc4 26. bxc4 Bxc4 27. Bxe4 Bd5 28. Bxd5 exd5 29. Rd2 Rd8 30. Rc1 d4 31. exd4 cxd4 32. Qxd4 Qxd4 33. Rxd4 Rdf8 34. f3 Rf6 35. Rc7 g5 36. Rdd7 Rxh6 37. Ra7 Rg8 38. Kf2 g4 39. f4 Rf8 40. Kg3 Rg8 41. a4 Rh1 42. Rxa6 Rh5 43. Raa7 Rc8 44. Kxg4 Rh1 45. g3 Kg8 46. Rg7+ Kh8 47. a5 Rd8 48. a6 Rg1 49. Rxh7+ Kg8 50. Rag7+ Kf8 51. Rh8+ Kxg7 52. Rxd8 Rf1 53. a7 Ra1 54. a8=Q 1-0


[Site "https://www.chess.com"]

[Event "Titled Tuesday Blitz May 10 Late 2022"]
[White "Baches Garcia, Guillermo"]
[Black "Paravyan, David"]
[WhiteFideId "2209764"]
[BlackFideId "4194985"]
[WhiteElo "2521"]
[BlackElo "2569"]
[Result "0-1"]
[Round "01"]
[TimeControl "180+1"]
[Date "2022.05.10"]
[WhiteClock "0:00:10"]
[BlackClock "0:00:10"]

1. e4 e5 2. Nf3 Nf6 3. Nc3 Nc6 4. d4 exd4 5. Nxd4 Bb4 6. Nxc6 bxc6 7. Bd3 O-O 8. O-O d5 9. Bd2 Rb8 10. Re1 Bg4 11. Qc1 Re8 12. e5 Nd7 13. f4 Nc5 14. Ne2 Bxd2 15. Qxd2 Rxb2 16. Qe3 Nxd3 17. cxd3 Bxe2 18. Rxe2 d4 19. Qe4 Rxe2 20. Qxe2 Qd5 21. Rc1 f6 22. Re1 fxe5 23. fxe5 Re6 24. g3 c5 25. Qh5 h6 26. Qf5 Re8 27. a4 a5 28. Re4 Qe6 29. Qf3 Rd8 30. Qe2 c4 31. dxc4 d3 32. Qd2 Qc6 33. Rf4 Qc5+ 34. Kg2 Qxe5 35. Rf2 Qe4+ 36. Kg1 Qxc4 37. h4 Qd5 38. Kh2 Kh8 39. Rf4 c5 40. Qc3 d2 41. Rf7 Qd4 42. Qf3 d1=Q 43. Rf8+ Rxf8 44. Qxf8+ Kh7 45. Qf5+ g6 0-1


[Site "https://www.chess.com"]

[Event "Titled Tuesday Blitz May 10 Late 2022"]
[White "Bakalchuk, Johnatan"]
[Black "Avalos Parra, Joao"]
[WhiteFideId "2810301"]
[BlackFideId "3402541"]
[WhiteElo "2486"]
[BlackElo "2173"]
[Result "1-0"]
[Round "01"]
[TimeControl "180+1"]
[Date "2022.05.11"]
[WhiteClock "0:00:09"]
[BlackClock "0:00:15"]

1. e4 c6 2. Nc3 d5 3. exd5 cxd5 4. d4 Nf6 5. Bf4 a6 6. Bd3 Nc6 7. Nge2 Bg4 8. f3 Bh5 9. g4 Bg6 10. h4 Bxd3 11. Qxd3 e6 12. O-O-O Bd6 13. Kb1 Qc7 14. Qe3 O-O-O 15. Bxd6 Qxd6 16. Nf4 Kb8 17. Nce2 Rhe8 18. Ng3 Nd7 19. g5 Nb6 20. b3 Qa3 21. Nd3 Rc8 22. Qc1 Qxc1+ 23. Nxc1 Nb4 24. Rd2 Rc3 25. Rf1 Rec8 26. Rff2 a5 27. Nh5 g6 28. Nf6 a4 29. Nxh7 Rh8 30. Nf6 Rxh4 31. Kb2 Re3 32. c3 Nc6 33. Rde2 Rxe2+ 34. Rxe2 Rf4 35. Rf2 Kc7 36. Nd3 Rh4 37. f4 Nc8 38. Ne5 Nd6 39. Rf3 Nd8 40. c4 dxc4 41. bxc4 b6 42. c5 bxc5 43. dxc5 Nb5 44. Ne8+ Kb7 45. Rd3 Rh2+ 46. Kc1 Kc8 47. Rd7 Rxa2 48. Nd6+ Nxd6 49. cxd6 Rf2 50. Rc7+ Kb8 51. Nd7+ Ka8 52. Nb6+ Kb8 53. Nd7+ Ka8 54. Rc8+ Kb7 55. Rxd8 a3 56. Nc5+ Kc6 57. d7 Kxc5 58. Rc8+ Kb4 59. d8=Q Rf1+ 60. Kc2 Rf2+ 61. Kd3 Rf1 62. Qb6+ Ka4 63. Ra8# 1-0


[Site "https://www.chess.com"]

[Event "Titled Tuesday Blitz May 10 Late 2022"]
[White "Barria Zuniga, Daniel"]
[Black "Lopez Del Alamo, Antonio"]
[WhiteFideId "3400816"]
[BlackFideId "2227339"]
[WhiteElo "2414"]
[BlackElo "2089"]
[Result "1-0"]
[Round "01"]
[TimeControl "180+1"]
[Date "2022.05.11"]
[WhiteClock "0:02:24"]
[BlackClock "0:01:08"]

1. c4 Nf6 2. Nc3 g6 3. e4 d6 4. d4 Bg7 5. Be2 O-O 6. Nf3 e5 7. d5 a5 8. Bg5 h6 9. Bh4 Qe8 10. Nd2 Na6 11. O-O Bd7 12. b3 Nh7 13. a3 h5 14. f3 Bh6 15. Rb1 Be3+ 16. Kh1 Bc5 17. Qc1 f5 18. exf5 gxf5 19. f4 e4 20. Re1 Qg6 21. Nf1 Rae8 22. Ne3 Nf6 23. h3 Re7 24. Nc2 Rg7 25. Bf1 Rff7 26. b4 axb4 27. axb4 Bb6 28. Qd2 Rh7 29. Nd4 Rfg7 30. Nd1 Ng4 31. Ne3 Nxe3 32. Rxe3 Rf7 33. Rg3 Rhg7 34. Rxg6 Rxg6 35. Bf2 1-0


[Site "https://www.chess.com"]

[Event "Titled Tuesday Blitz May 10 Late 2022"]
[White "Bifulco, Michel"]
[Black "Vajda, Levente"]
[WhiteFideId "828580"]
[BlackFideId "1203975"]
[WhiteElo "2165"]
[BlackElo "2573"]
[Result "0-1"]
[Round "01"]
[TimeControl "180+1"]
[Date "2022.05.11"]
[WhiteClock "0:00:02"]
[BlackClock "0:00:12"]

1. d4 d5 2. Nc3 e6 3. Bf4 Nf6 4. Nb5 Na6 5. e3 c6 6. Nc3 Nc7 7. a3 Bd6 8. Nf3 O-O 9. Ne5 Ne4 10. Nxe4 dxe4 11. c4 f6 12. c5 fxe5 13. cxd6 exf4 14. dxc7 Qxc7 15. Bc4 Qa5+ 16. b4 Qg5 17. Qe2 fxe3 18. fxe3 b5 19. Bb3 a5 20. O-O-O axb4 21. axb4 Bd7 22. Kb2 Qe7 23. Kc3 Kh8 24. Rhf1 e5 25. Rxf8+ Rxf8 26. Qh5 Rf5 27. Qe2 exd4+ 28. Rxd4 c5 29. bxc5 Rxc5+ 30. Kb2 h6 31. Qf2 Rc7 32. Qf4 Qc5 33. Bc2 Qc3+ 34. Kb1 Qxc2+ 35. Ka1 Ra7+ 0-1


[Site "https://www.chess.com"]

[Event "Titled Tuesday Blitz May 10 Late 2022"]
[White "Bilych, Olexiy"]
[Black "Perez Rodriguez, Jennifer"]
[WhiteFideId "14156504"]
[BlackFideId "3507831"]
[WhiteElo "2176"]
[BlackElo "2170"]
[Result "1-0"]
[Round "01"]
[TimeControl "180+1"]
[Date "2022.05.11"]
[WhiteClock "0:01:37"]
[BlackClock "0:02:04"]

1. e4 e5 2. Nf3 Nc6 3. Bc4 Bc5 4. c3 Nf6 5. d4 exd4 6. cxd4 Bb4+ 7. Nbd2 Nxe4 8. d5 Nxd2 9. Bxd2 Bxd2+ 10. Qxd2 Ne7 11. h4 d6 12. h5 h6 13. O-O-O Bf5 14. Qd4 O-O 15. g4 Bh7 16. g5 Nf5 17. Qf4 hxg5 18. Nxg5 Nh6 19. Rdg1 Qe7 20. Nxh7 Kxh7 21. Bd3+ Kh8 22. Rxg7 1-0


[Site "https://www.chess.com"]

[Event "Titled Tuesday Blitz May 10 Late 2022"]
[White "Bjelobrk, Igor"]
[Black "Bernal Moro, Luis Javier"]
[WhiteFideId "4300726"]
[BlackFideId "2200236"]
[WhiteElo "2335"]
[BlackElo "2373"]
[Result "0-1"]
[Round "01"]
[TimeControl "180+1"]
[Date "2022.05.11"]
[WhiteClock "0:00:22"]
[BlackClock "0:00:15"]

1. Nf3 c5 2. c4 Nc6 3. d4 cxd4 4. Nxd4 Nf6 5. Nc3 e6 6. g3 Bc5 7. Nb3 Be7 8. Bg2 O-O 9. O-O d6 10. Bf4 a6 11. Qd2 Qc7 12. Rfd1 Ne5 13. Bxe5 dxe5 14. Rac1 Rd8 15. Qe1 Bd7 16. c5 Bc6 17. Bxc6 Qxc6 18. Rxd8+ Rxd8 19. Qf1 Bxc5 20. e3 Be7 21. Qg2 Qxg2+ 22. Kxg2 Rc8 23. Kf3 Kf8 24. h3 Bb4 25. Na4 Rxc1 26. Nxc1 Ke7 27. e4 b5 28. Nd3 Bd6 29. Nac5 a5 30. a4 bxa4 31. Nxa4 Nd7 32. b3 Nb8 33. Ndb2 Nc6 34. Nc4 Nd4+ 35. Ke3 Nxb3 36. f3 Nc5 37. Nxc5 Bxc5+ 38. Kd3 a4 39. Nxe5 Bd6 40. Nc4 Bxg3 41. Kc3 Bd6 42. Nb6 a3 43. Kb3 Bc5 44. Na4 Kd6 45. f4 Kc6 46. Nc3 f6 47. Kc4 e5 48. f5 Bd4 49. Na2 Bb2 50. Nb4+ Kd6 51. Na2 g6 52. fxg6 hxg6 53. Nb4 f5 54. exf5 gxf5 55. h4 Ke6 56. h5 Kf6 57. Kd5 e4 58. Kc4 Kg5 59. Nc2 Kxh5 60. Ne3 Kg5 61. Kb3 f4 62. Nc2 e3 63. Ne1 Kg4 64. Kc2 f3 65. Nd3 f2 0-1


[Site "https://www.chess.com"]

[Event "Titled Tuesday Blitz May 10 Late 2022"]
[White "Blackman, Justin"]
[Black "Riehle, Marco"]
[WhiteFideId "11100516"]
[BlackFideId "12904392"]
[WhiteElo "2112"]
[BlackElo "2462"]
[Result "0-1"]
[Round "01"]
[TimeControl "180+1"]
[Date "2022.05.11"]
[WhiteClock "0:00:02"]
[BlackClock "0:00:50"]

1. e4 e5 2. Nf3 Nf6 3. Nc3 Nc6 4. Bb5 Bc5 5. Nxe5 O-O 6. Nxc6 dxc6 7. Be2 Qd4 8. O-O Nxe4 9. Nxe4 Qxe4 10. c3 Re8 11. Bf3 Qd3 12. Re1 Bf5 13. Be2 Qd5 14. d4 Bd6 15. Be3 Be4 16. Bf1 Qf5 17. c4 Rad8 18. f3 Bc2 19. Qd2 Qg6 20. Rac1 Bf5 21. c5 Bf8 22. Bf4 Rxe1 23. Rxe1 h6 24. Bxc7 Rd7 25. Bg3 Bxc5 26. Bf2 Bd6 27. Re8+ Kh7 28. Qe3 Qg5 29. Qe1 Qf4 30. g3 Qxf3 31. Bg2 Qd3 32. a3 Qb1 33. h3 Qxe1+ 34. Rxe1 Re7 35. Rxe7 Bxe7 36. d5 cxd5 37. Bxd5 b6 38. Kg2 f6 39. b4 g5 40. g4 Bd7 41. Kf3 f5 42. Be1 Kg6 43. Bc4 Bc6+ 44. Kf2 f4 45. Bd3+ Kg7 46. Bc3+ Bf6 47. Bd2 Bd4+ 48. Kf1 Kf6 49. b5 Bd5 50. Bb4 Be6 51. Bf8 h5 52. gxh5 Bxh3+ 53. Ke1 Kf7 54. Bd6 f3 55. h6 f2+ 56. Kd2 f1=Q 0-1


[Site "https://www.chess.com"]

[Event "Titled Tuesday Blitz May 10 Late 2022"]
[White "Bortnyk, Olexandr"]
[Black "Vovk, Orest"]
[WhiteFideId "14120828"]
[BlackFideId "14113490"]
[WhiteElo "2723"]
[BlackElo "2203"]
[Result "1-0"]
[Round "01"]
[TimeControl "180+1"]
[Date "2022.05.10"]
[WhiteClock "0:00:29"]
[BlackClock "0:00:12"]

1. d4 e5 2. dxe5 Nc6 3. Nf3 Qe7 4. Bf4 Qb4+ 5. Bd2 Qxb2 6. Nc3 Bb4 7. Rb1 Qxc3 8. Bxc3 Bxc3+ 9. Nd2 Nxe5 10. e3 Nf6 11. Bd3 d5 12. O-O O-O 13. h3 c6 14. f4 Ned7 15. g4 Nc5 16. g5 Nfe4 17. Bxe4 dxe4 18. Nb3 Na4 19. Kg2 Be6 20. f5 Bc4 21. Qg4 Bxf1+ 22. Rxf1 Rfe8 23. Rd1 Nb6 24. Nc5 Nd5 25. Kf2 Re5 26. Nxe4 Ba5 27. c4 Rxe4 28. Qxe4 Nc3 29. Qd4 Nxd1+ 30. Qxd1 Rd8 31. Qb3 Bb6 32. c5 Bxc5 33. Qxb7 Re8 34. Qxc6 Bxe3+ 35. Kf3 Kf8 36. Qd6+ Kg8 37. h4 h6 38. Qd7 Kf8 39. g6 Re7 40. Qd8+ Re8 41. Qd6+ Re7 42. f6 gxf6 43. g7+ 1-0


[Site "https://www.chess.com"]

[Event "Titled Tuesday Blitz May 10 Late 2022"]
[White "Chen, Justin"]
[Black "Jones, Gawain C B"]
[WhiteFideId "2098199"]
[BlackFideId "409561"]
[WhiteElo "2489"]
[BlackElo "2657"]
[Result "0-1"]
[Round "01"]
[TimeControl "180+1"]
[Date "2022.05.10"]
[WhiteClock "0:00:01"]
[BlackClock "0:00:13"]

1. Nf3 g6 2. d4 Nf6 3. b3 c5 4. dxc5 Qa5+ 5. Nbd2 Qxc5 6. Bb2 Bg7 7. e3 O-O 8. a3 Qc7 9. c4 Nc6 10. Be2 Rd8 11. Rc1 d5 12. cxd5 Rxd5 13. O-O Bg4 14. h3 Bf5 15. Qe1 Rdd8 16. b4 a6 17. Nb3 Qd6 18. Nfd4 Nxd4 19. Bxd4 e5 20. Ba1 Rac8 21. Nc5 Qe7 22. Rd1 Ne4 23. Nxe4 Bxe4 24. Rxd8+ Qxd8 25. Qd1 Qxd1 26. Bxd1 Kf8 27. Bb3 Bd3 28. Rd1 e4 29. f3 Bxa1 30. Rxa1 f5 31. Bd5 b6 32. fxe4 fxe4 33. Kf2 Ke7 34. Kg3 Kd6 35. Bb3 Ke5 36. Ra2 Rc3 37. Bg8 h6 38. Kf2 Rc8 39. Bb3 Rf8+ 40. Kg3 h5 41. h4 Rc8 42. Bf7 Rc6 43. Rf2 a5 44. bxa5 bxa5 45. Be8 Rb6 46. Rf7 Rb3 47. Ra7 Rxa3 48. Bxg6 Be2 49. Kf2 Ra2 50. Bh7 Bd3+ 51. Kg3 Bf1 52. Kh2 Bxg2 53. Kg3 Bf3 0-1


[Site "https://www.chess.com"]

[Event "Titled Tuesday Blitz May 10 Late 2022"]
[White "Chyngyz, Sultai"]
[Black "Kruckenhauser, Arthur"]
[WhiteFideId "13803158"]
[BlackFideId "1642812"]
[WhiteElo "1365"]
[BlackElo "2243"]
[Result "0-1"]
[Round "01"]
[TimeControl "180+1"]
[Date "2022.05.11"]
[WhiteClock "0:00:05"]
[BlackClock "0:00:54"]

1. e4 e5 2. Nf3 Nc6 3. Bc4 Bc5 4. d3 Nf6 5. Nc3 h6 6. h3 d6 7. a4 a6 8. O-O O-O 9. Be3 Ba7 10. Bxa7 Rxa7 11. d4 Re8 12. dxe5 Nxe5 13. Nxe5 Rxe5 14. f4 Re8 15. Qf3 Ra8 16. Rad1 Qe7 17. Rfe1 Be6 18. Bd3 Rad8 19. Kh2 Nd7 20. Qg3 Nc5 21. f5 Nxd3 22. Qxd3 Bd7 23. Qg3 Bc6 24. b4 Qe5 25. b5 axb5 26. axb5 Bxb5 27. Rd5 Qxg3+ 28. Kxg3 Bc6 29. Rd4 Re5 30. Kf4 Rde8 31. Rb4 Rc5 32. Re3 g6 33. fxg6 fxg6 34. g4 Kg7 35. Rb1 b6 36. Rf1 Rf8+ 37. Kg3 Rxf1 38. Ne2 Rf8 39. Nd4 Bd7 40. g5 Rxg5+ 41. Kh2 Rf2+ 42. Kh1 Rd2 43. Nf3 Rd1+ 44. Kh2 Rc5 45. c4 Rxc4 46. e5 dxe5 47. Nxe5 Rc2+ 48. Kg3 Bf5 49. Nf3 Rd7 50. h4 b5 51. h5 gxh5 52. Ne5 Re7 53. Rf3 Bg6 54. Nd3 Bxd3 55. Rxd3 c5 56. Kf3 c4 57. Rd4 b4 58. Re4 Rxe4 59. Kg3 b3 60. Kh3 Re3+ 61. Kh4 Rh2# 0-1


[Site "https://www.chess.com"]

[Event "Titled Tuesday Blitz May 10 Late 2022"]
[White "Constantinou, Peter"]
[Black "Rorrer, Grayson"]
[WhiteFideId "413038"]
[BlackFideId "30944996"]
[WhiteElo "2230"]
[BlackElo "2122"]
[Result "0-1"]
[Round "01"]
[TimeControl "180+1"]
[Date "2022.05.11"]
[WhiteClock "0:00:04"]
[BlackClock "0:00:18"]

1. b3 e5 2. Bb2 Nc6 3. c4 Nge7 4. e3 d5 5. cxd5 Nxd5 6. a3 Bd6 7. Qc2 Qe7 8. Nc3 Nxc3 9. Bxc3 O-O 10. b4 a6 11. Bd3 f5 12. Nf3 Kh8 13. e4 f4 14. h3 Bd7 15. Be2 Rae8 16. d3 Rc8 17. O-O g5 18. d4 exd4 19. Nxd4 Be5 20. Nf3 Bg7 21. Rfe1 h6 22. Rad1 Be6 23. Bxg7+ Qxg7 24. Bxa6 g4 25. hxg4 Bxg4 26. Be2 Rg8 27. Rc1 Bh3 28. Qc3 Bxg2 29. Qxg7+ Rxg7 30. Kh2 Bxf3 31. Bxf3 Nd4 32. Bh5 Rg5 33. Bd1 Rcg8 34. Rxc7 f3 35. Rd7 Rh5# 0-1


[Site "https://www.chess.com"]

[Event "Titled Tuesday Blitz May 10 Late 2022"]
[White "D`Arruda, Ricardo D."]
[Black "Bazeev, German"]
[WhiteFideId "100692"]
[BlackFideId "24119350"]
[WhiteElo "2463"]
[BlackElo "2493"]
[Result "0-1"]
[Round "01"]
[TimeControl "180+1"]
[Date "2022.05.11"]
[WhiteClock "0:00:07"]
[BlackClock "0:00:28"]

1. Nf3 Nf6 2. d4 e6 3. g3 b6 4. Bg2 Bb7 5. O-O Be7 6. c4 O-O 7. Nc3 Ne4 8. Bd2 Nxc3 9. Bxc3 Be4 10. Nd2 Bxg2 11. Kxg2 d5 12. e4 c6 13. Qe2 Nd7 14. Rad1 Re8 15. Rfe1 Nf6 16. Qf3 Rc8 17. b3 Bf8 18. h3 b5 19. e5 Nd7 20. c5 f6 21. exf6 Qxf6 22. Qxf6 gxf6 23. f4 Kf7 24. Nf3 h5 25. Kf2 Bh6 26. Bd2 f5 27. Rg1 Nf6 28. Ne5+ Ke7 29. Kf3 Rg8 30. Be3 Ne4 31. Rg2 Bg7 32. Ng6+ Kf7 33. Ne5+ Bxe5 34. fxe5 b4 35. Rf1 Ke7 36. Bf4 a5 37. Rfg1 Kf7 38. g4 hxg4+ 39. hxg4 Rxg4 40. Rxg4 fxg4+ 41. Rxg4 Rh8 42. Kg2 Rg8 43. Rxg8 Kxg8 44. Kf3 Nc3 45. Bg5 Nxa2 46. Bd8 Nc1 47. Bxa5 Nxb3 48. Bxb4 Nxd4+ 49. Kf4 Kf7 50. Bc3 Nb5 51. Bb2 Kg6 52. Kg4 Nc7 53. Kf4 Na6 54. Bd4 Nb4 55. Bc3 Nd3+ 56. Ke3 Nxc5 57. Bb4 Nd7 58. Bd6 Kf5 0-1


[Site "https://www.chess.com"]

[Event "Titled Tuesday Blitz May 10 Late 2022"]
[White "Danaci, Ege"]
[Black "Wagner, Dennis"]
[WhiteFideId "34506748"]
[BlackFideId "24650684"]
[WhiteElo "1799"]
[BlackElo "2355"]
[Result "0-1"]
[Round "01"]
[TimeControl "180+1"]
[Date "2022.05.11"]
[WhiteClock "0:00:02"]
[BlackClock "0:00:08"]

1. Nf3 Nf6 2. b3 g6 3. Bb2 Bg7 4. c4 O-O 5. e3 b6 6. Be2 Bb7 7. O-O d6 8. d4 Nbd7 9. d5 c6 10. dxc6 Bxc6 11. Nbd2 e5 12. Nb1 Re8 13. Nc3 Nc5 14. Nd5 Rc8 15. Rc1 h6 16. b4 Ncd7 17. Qb3 Bb7 18. Rfd1 a6 19. Nxf6+ Nxf6 20. c5 Ne4 21. Bc4 Re7 22. Bd5 bxc5 23. Bxb7 Rxb7 24. Qd5 Rxb4 25. Bxe5 Bxe5 26. Nxe5 Qf6 27. Nd3 Ra4 28. f3 Nc3 29. Qb7 Re8 30. Rd2 Rxa2 31. Rxa2 Nxa2 32. Re1 Qc3 33. Qb1 Nb4 34. Nxb4 cxb4 35. Qd1 Rxe3 36. Rxe3 Qxe3+ 37. Kh1 Qc5 38. h3 a5 39. Qa4 d5 40. Qe8+ Kg7 41. Qe5+ Kh7 42. Qf6 Qc7 43. f4 b3 0-1


[Site "https://www.chess.com"]

[Event "Titled Tuesday Blitz May 10 Late 2022"]
[White "Dilmukhametov, Artur"]
[Black "Yedidia, Daniel"]
[WhiteFideId "24179922"]
[BlackFideId "30905907"]
[WhiteElo "2206"]
[BlackElo "2628"]
[Result "1-0"]
[Round "01"]
[TimeControl "180+1"]
[Date "2022.05.11"]
[WhiteClock "0:00:05"]
[BlackClock "0:00:01"]

1. e4 e5 2. Nf3 Nc6 3. Bb5 a6 4. Ba4 Nf6 5. Bxc6 dxc6 6. d3 Bd6 7. Nbd2 Be6 8. b3 Nd7 9. Nc4 f6 10. O-O O-O 11. Nh4 Qe8 12. Qf3 g6 13. Qe2 Qf7 14. f4 exf4 15. Bxf4 Bxf4 16. Rxf4 g5 17. Nf5 Qe8 18. Rf2 Kh8 19. Raf1 Qg6 20. Nce3 Rae8 21. Qd2 Ne5 22. Qc3 h5 23. Nd4 Bd7 24. Nf3 Ng4 25. Nxg4 hxg4 26. Nd4 Kg7 27. Nf5+ Bxf5 28. Rxf5 Re6 29. Qb4 b6 30. Qc4 Rd6 31. Qxa6 Rh8 32. Qb7 Rd7 33. Qxc6 Rf7 34. e5 Qh5 35. Rxf6 Qxh2+ 36. Kf2 Qxe5 37. Rxf7+ Kxf7 38. Qc4+ Kg7 39. Qe4 Rf8+ 40. Ke2 Qb2 41. Rxf8 Qxc2+ 42. Ke3 Kxf8 43. Qxg4 c5 44. Qf5+ Ke8 45. Qe6+ Kf8 46. Qf6+ Ke8 47. Qe6+ Kf8 48. Qxb6 Qxg2 49. Qxc5+ Kf7 50. Qf5+ Kg7 51. Qe5+ Kf8 52. Qc5+ Kg7 53. Qe5+ Kf8 54. Qe4 Qxa2 55. Qf5+ Ke8 56. Qg6+ Kd7 57. Qg7+ Ke8 58. Qxg5 Qxb3 59. Qe5+ Kf8 60. Ke4 Qb4+ 61. d4 Qb1+ 62. Kd5 Qb7+ 63. Kc5 Qa7+ 64. Kc6 Qa4+ 65. Kd6 Qa6+ 66. Kc5 Qa7+ 67. Kd6 Qb6+ 68. Kd5 Qb5+ 69. Ke6 1-0


[Site "https://www.chess.com"]

[Event "Titled Tuesday Blitz May 10 Late 2022"]
[White "Donchenko, Alexander"]
[Black "Tomaszewski, Kacper"]
[WhiteFideId "24603295"]
[BlackFideId "1127373"]
[WhiteElo "2572"]
[BlackElo "2153"]
[Result "1-0"]
[Round "01"]
[TimeControl "180+1"]
[Date "2022.05.10"]
[WhiteClock "0:01:53"]
[BlackClock "0:00:13"]

1. c4 g6 2. g3 Bg7 3. Bg2 Nf6 4. Nc3 O-O 5. e4 e5 6. Nge2 d6 7. d3 Nc6 8. O-O Bg4 9. h3 Bd7 10. Nd5 Nxd5 11. cxd5 Ne7 12. d4 f5 13. dxe5 dxe5 14. Be3 Nc8 15. Nc3 Nd6 16. exf5 Nxf5 17. Bc5 Re8 18. d6 cxd6 19. Bxd6 Bc6 20. Bxc6 bxc6 21. Bc5 Nd4 22. Qg4 Qc8 23. Rac1 Qxg4 24. hxg4 a6 25. Rfd1 Rab8 26. b3 Bh6 27. Rb1 Nf3+ 28. Kg2 Nd2 29. Rb2 Nc4 30. Re2 Na5 31. Ne4 Bg7 32. Rd7 Nb7 33. Ba7 Red8 34. Red2 Rxd7 35. Rxd7 Rd8 36. Rxb7 1-0


[Site "https://www.chess.com"]

[Event "Titled Tuesday Blitz May 10 Late 2022"]
[White "Dounis, Alexandros"]
[Black "Burke, Paul"]
[WhiteFideId "4213238"]
[BlackFideId "2605767"]
[WhiteElo "2204"]
[BlackElo "1900"]
[Result "1-0"]
[Round "01"]
[TimeControl "180+1"]
[Date "2022.05.11"]
[WhiteClock "0:01:42"]
[BlackClock "0:01:45"]

1. Nf3 a6 2. e4 d6 3. d4 g6 4. Nc3 Nd7 5. Bg5 h6 6. Be3 Bg7 7. Qd2 e6 8. a4 Ne7 9. Bd3 b6 10. O-O Bb7 11. h3 e5 12. dxe5 Nxe5 13. Nxe5 dxe5 14. Rfd1 Qc8 15. Bc4 Nc6 16. Nd5 Nd4 17. c3 Ne6 18. b4 g5 19. Qe2 O-O 20. Ne7+ 1-0


[Site "https://www.chess.com"]

[Event "Titled Tuesday Blitz May 10 Late 2022"]
[White "Dreev, Aleksey"]
[Black "Garagulya, Konstantin"]
[WhiteFideId "4100107"]
[BlackFideId "4128931"]
[WhiteElo "2625"]
[BlackElo "2329"]
[Result "1-0"]
[Round "01"]
[TimeControl "180+1"]
[Date "2022.05.10"]
[WhiteClock "0:01:50"]
[BlackClock "0:00:03"]

1. d4 d5 2. c4 dxc4 3. e3 Nf6 4. Bxc4 e6 5. Nf3 a6 6. O-O c5 7. b3 b5 8. Be2 Bb7 9. a4 bxa4 10. Rxa4 Nbd7 11. Bb2 Nb6 12. Ra2 Nbd5 13. Nbd2 Nb4 14. Ra1 Be7 15. Nc4 O-O 16. Nfe5 Qc7 17. Bf3 Rfd8 18. Qe2 Bxf3 19. Qxf3 cxd4 20. Bxd4 Bc5 21. Bb2 Be7 22. Rac1 Rac8 23. g4 h6 24. Nxf7 Kxf7 25. Ne5+ Kg8 26. Rxc7 Rxc7 27. Ng6 Nd3 28. Nxe7+ Rxe7 29. Bxf6 Rf7 30. Qe4 Rxf6 31. Rd1 Rdf8 32. Qxd3 Rxf2 33. Qxa6 Rb2 34. Qxe6+ Kh8 35. Qe7 Rff2 36. Rd8+ Kh7 37. Qe4+ 1-0


[Site "https://www.chess.com"]

[Event "Titled Tuesday Blitz May 10 Late 2022"]
[White "Erdogdu, Mert"]
[Black "Hoffmann, Asa"]
[WhiteFideId "6301495"]
[BlackFideId "2001470"]
[WhiteElo "2451"]
[BlackElo "2117"]
[Result "1-0"]
[Round "01"]
[TimeControl "180+1"]
[Date "2022.05.11"]
[WhiteClock "0:00:26"]
[BlackClock "0:00:01"]

1. e4 d6 2. d4 Nf6 3. Nc3 c6 4. Nf3 Bg4 5. Be2 e6 6. O-O d5 7. e5 Nfd7 8. Bg5 Be7 9. Bxe7 Qxe7 10. Qd2 a6 11. Na4 b6 12. b4 c5 13. bxc5 bxc5 14. c4 Bxf3 15. Bxf3 Nc6 16. cxd5 Nxd4 17. Be4 exd5 18. Bxd5 Rd8 19. Rae1 O-O 20. Qc3 Nxe5 21. Bc4 Qf6 22. f4 Nxc4 23. Qxc4 Rc8 24. Re5 Ne6 25. g3 Rfd8 26. Nb6 Rb8 27. Nd5 Qh6 28. Ne7+ Kh8 29. Nc6 Nxf4 30. Nxd8 Nh3+ 31. Kg2 Rxd8 32. Qxf7 Rd2+ 33. Kh1 Qc6+ 34. Qd5 Qxd5+ 35. Rxd5 Nf2+ 36. Rxf2 1-0


[Site "https://www.chess.com"]